 Dungeon Crawl Stone Soup version 0.29-a0-303-ge4682ce883 (webtiles) character file.

Game seed: 2770611107851976812

20247 Ajdolov the Unseen (level 13, -1/86 HPs)
             Began as a Kobold Brigand on Mar 26, 2022.
             Was an Elder of Wu Jian.
             Slain by an entropy weaver simulacrum (9 damage)
             ... in an ice cave.
             The game lasted 00:29:54 (15947 turns).

Ajdolov the Unseen (Kobold Brigand)                Turns: 15947, Time: 00:29:55

Health: -1/86      AC: 11    Str:  9    XL:     13   Next: 10%
Magic:  13/13      EV: 35    Int: 18    God:    Wu Jian [****..]
Gold:   1241       SH:  5    Dex: 28    Spells: 12/12 levels left

rFire   + . .      SeeInvis .   a - +2 dagger (venom)
rCold   + . .      Faith    .   (no shield)
rNeg    . . .      Spirit   .   t - +2 robe of Ovun {rF+ Int+2 Dex+3 Slay+3}
rPois   .          Reflect  +   k - +0 helmet
rElec   +          Harm     .   A - +1 cloak
rCorr   .          Rampage  .   m - +2 pair of gloves
Will    .....                   i - +0 pair of boots of the Valley of Death {Fly rElec Int+4 Dex+4}
Stlth   ++++......              j - amulet of reflection
HPRegen 0.24/turn               D - ring of protection from cold
MPRegen 0.13/turn               (no ring)

@: in a heavenly storm, flying, glowing, studying Spellcasting
A: small, no large weapons, nightstalker 3
a: Renounce Religion, Wall Jump, Serpent's Lash


You were in an ice cave.
You worshipped Wu Jian.
Wu Jian was greatly pleased with you.
You visited 3 branches of the dungeon, and saw 15 of its levels.
You also visited: Ice Cave.

You collected 1267 gold pieces.
You spent 26 gold pieces at shops.

Inventory:

Hand Weapons
 a - a +2 dagger of venom (weapon)
 H - a +0 arbalest
 K - a +0 rapier
Missiles
 d - 26 poisoned darts (quivered)
 e - 6 curare-tipped darts
 q - 2 throwing nets
Armour
 i - the +0 pair of boots of the Valley of Death (worn) {Fly rElec Int+4 Dex+4}
   (You found it on level 2 of the Dungeon)

   Int:       It affects your intelligence (+4).
   Dex:       It affects your dexterity (+4).
   rElec:     It insulates you from electricity.
   Fly:       It grants you flight.
 k - a +0 helmet (worn)
 m - a +2 pair of gloves (worn)
 t - the +2 robe of Ovun (worn) {rF+ Int+2 Dex+3 Slay+3}
   (You found it on level 3 of the Dungeon)

   Int:       It affects your intelligence (+2).
   Dex:       It affects your dexterity (+3).
   Slay:      It affects your accuracy & damage with ranged weapons and melee
   (+3).
   rF:        It protects you from fire.
 A - a +1 cloak (worn)
 L - a +1 leather armour of resistance
 N - a +0 buckler of cold resistance
Jewellery
 j - an amulet of reflection (around neck)
 D - a ring of protection from cold (left hand)
Wands
 s - a wand of acid (6)
 w - a wand of iceblast (21)
 y - a wand of mindburst (6)
 C - a wand of flame (7)
Scrolls
 c - a scroll of holy word
 f - 3 scrolls of blinking
 h - 2 scrolls of amnesia
 n - 4 scrolls of fog
 p - 3 scrolls of magic mapping
 r - 10 scrolls of teleportation
 u - a scroll of fear
 I - 2 scrolls of enchant weapon {unknown}
 J - a scroll of identify
Potions
 b - 3 potions of heal wounds
 g - 5 potions of attraction
 l - 6 potions of flight
 o - a potion of might
 v - 10 potions of curing
 x - 4 potions of lignification
 z - 2 potions of mutation
 B - a potion of haste
 E - a potion of degeneration {unknown}
 F - a potion of berserk rage {unknown}
 G - a potion of magic {unknown}
 M - a potion of brilliance {unknown}


   Skills:
 + Level 12.3 Fighting
 - Level 10.0 Short Blades
 - Level 2.1 Throwing
 + Level 14.0 Dodging
 * Level 16.3 Stealth


You had 12 spell levels left.
You didn't know any spells.
Your spell library contained the following spells:

 Spells                   Type           Power      Damage    Failure   Level
 Corpse Rot               Necr/Air       0%         N/A       32%         2
 Gell's Gravitas          Tloc           0%         N/A       54%         3
 Lesser Beckoning         Tloc           0%         N/A       54%         3
 Teleport Other           Tloc           0%         N/A       54%         3
 Tukima's Dance           Hex            0%         N/A       54%         3
 Dispel Undead            Necr           0%         3d6       91%         4
 Passage of Golubria      Tloc           0%         N/A       91%         4
 Fireball                 Conj/Fire      0%         3d3       99%         5
 Yara's Violent Unravell  Hex/Tmut       0%         3d3       99%         5
 Death Channel            Necr           0%         N/A       100%        6
 Starburst                Conj/Fire      0%         6d3       100%        6
 Ignition                 Fire           0%         3d3       100%        8


Dungeon Overview and Level Annotations

Branches:
Dungeon (12/15)            Temple (1/1) D:4            Lair (2/6) D:9
    Orc (0/2) D:11          IceCv (1/1)
  Swamp: Lair:2-4    Shoals: Lair:2-4     Snake: Lair:2-4    Spider: Lair:2-4

Altars:
Ashenzari
Cheibriados
Dithmenos
Elyvilon
Fedhas
Gozag
Hepliaklqana
Kikubaaqudgha
Makhleb
Nemelex Xobeh
Okawaru
Qazlal
Ru
Sif Muna
Trog
Uskayaw
Vehumet
Wu Jian
Xom
Yredelemnul
Zin
The Shining One

Shops:
D:9 **

Annotations:
D:7 1 transporter
D:10 exclusion: 5 wraiths, Josephine


Innate Abilities, Weirdness & Mutations

You are small and have problems with some larger weapons.
You are completely attuned to the shadows.


Message History

You see here 17 gold pieces.
The reaper barely misses you.
You see here 4 gold pieces.
You lunge at the reaper, in a flurry of attacks.
You hit the reaper.
The reaper is heavily wounded.
You impale the reaper!!
The reaper looks as sick as possible!
The reaper is almost dead.
The reaper barely misses you.
You see here 17 gold pieces.
The reaper hits you from afar with a +2 scythe of freezing!!
* * * LOW HITPOINT WARNING * * *
The reaper freezes you.
* * * LOW HITPOINT WARNING * * *
You see here 4 gold pieces.
You lunge at the reaper, in a flurry of attacks.
You hit the reaper but do no damage.
The reaper is almost dead.
You hit the reaper but do no damage.
The reaper looks as sick as possible!
The reaper is almost dead.
You kill the reaper!
The Council accepts your kill.
Your Dodging skill increases to level 14!
You now have 1241 gold pieces (gained 17).
You start resting.
An entropy weaver simulacrum comes into view.
You lunge at the entropy weaver simulacrum, in a flurry of attacks.
You puncture the entropy weaver simulacrum!
The entropy weaver simulacrum is lightly damaged.
You hit the entropy weaver simulacrum.
The entropy weaver simulacrum is moderately damaged.
The entropy weaver simulacrum hits you!
* * * LOW HITPOINT WARNING * * *
The entropy weaver simulacrum freezes you!
You resist.
* * * LOW HITPOINT WARNING * * *
The entropy weaver simulacrum completely misses you.
The entropy weaver simulacrum barely misses you.
The entropy weaver simulacrum hits you!
You die...

#...§§..##≈≈≈≈≈#≈≈
##○§§§.##≈≈≈≈≈≈≈≈#
##.§§§..##≈≈≈≈≈≈≈≈#
##.##.#.###≈≈≈≈≈≈≈#.
#°§○##### ##≈≈≈≈≈≈#Z
#☼§§## #≈≈≈≈≈≈##
#§§§§# ##≈≈#≈≈#
#§§§☼# #§☼@## #§§☼Z#
#§§§§§. #.......
###.....


You could see an entropy weaver simulacrum.

Vanquished Creatures
  A reaper (IceCv)
  A boulder beetle (Lair:1)
  3 two-headed ogres
  Pikel (D:5)
  A cyclops (D:11)
  Maurice (D:8)
  An ice statue (IceCv)
  2 black mambas (Lair:1)
  3 cane toads (Lair:1)
  A rime drake (Lair:1)
  A komodo dragon (D:10)
  An entropy weaver simulacrum (IceCv)
  A troll (D:8)
  5 blink frogs (Lair:1)
  A shadow (D:11)
  2 wraiths
  A vampire (D:11)
  A dire elephant simulacrum (IceCv)
  31 yaks
  2 wyverns
  A basilisk (Lair:2)
  3 death yak simulacra (IceCv)
  Edmund (D:6)
  8 water moccasins
  3 orc warriors
  A sky beast (D:8)
  2 black bears
  An ice beast (D:5)
  An ogre (D:5)
  3 centaurs
  A lemure (D:5)
  2 kobold brigands
  5 bullfrogs
  Blork the orc (D:5)
  2 gnoll sergeants
  A necrophage (D:8)
  5 scorpions (D:5)
  6 two-headed ogre simulacra (IceCv)
  2 cane toad simulacra (IceCv)
  21 wights
  6 killer bees
  An elephant simulacrum (IceCv)
  A howler monkey (D:5)
  7 hounds
  2 gnoll shamans
  6 orc priests
  2 iguanas
  13 orc wizards
  3 spriggan simulacra (IceCv)
  8 troll simulacra (IceCv)
  2 wolf simulacra (IceCv)
  19 gnolls
  4 naga simulacra (IceCv)
  5 adders
  18 white imps
  9 ufetubi
  A worm (D:6)
  2 dart slugs
  40 orcs
  6 endoplasms
  5 goblins
  4 hobgoblins
  14 kobolds
  5 quokkas
  4 ball pythons
  3 bats (D:1)
  2 rats
323 creatures vanquished.

Vanquished Creatures (others)
  17 fungi
  7 plants
  9 toadstools
33 creatures vanquished.

Grand Total: 356 creatures vanquished

Notes
Turn   | Place    | Note
-------+----------+-------------------------------------------
     0 | D:1      | Ajdolov the Kobold Brigand began the quest for the Orb.
     0 | D:1      | Reached XP level 1. HP: 12/12 MP: 1/1
    79 | D:1      | You fall into a shaft and drop 1 floor!
    89 | D:2      | Reached XP level 2. HP: 17/17 MP: 2/2
   289 | D:2      | Identified the +0 pair of boots of the Valley of Death {Fly
                  | rElec Int+4 Dex+4}
   414 | D:2      | Reached XP level 3. HP: 21/21 MP: 3/3
   563 | D:2      | Found a faded altar of an unknown god.
  1137 | D:1      | Reached skill level 6 in Stealth
  1327 | D:1      | Reached XP level 4. HP: 26/26 MP: 4/4
  2524 | D:3      | Found a blossoming altar of Fedhas.
  2525 | D:3      | Identified the +2 robe of Ovun {rF+ Int+2 Dex+3 Slay+3}
  2792 | D:4      | Reached skill level 5 in Short Blades
  2838 | D:3      | Reached XP level 5. HP: 9/30 MP: 5/5
  3116 | D:4      | Identified the +6 scale mail of Space {Harm rCorr Slay+3}
  3262 | D:4      | Found a staircase to the Ecumenical Temple.
  3273 | Temple   | Entered the Ecumenical Temple
  3386 | Temple   | Became a worshipper of the Wu Jian Council
  3567 | D:4      | Reached XP level 6. HP: 35/35 MP: 6/6
  3570 | D:4      | Reached skill level 7 in Stealth
  3923 | D:5      | Entered Level 5 of the Dungeon
  4064 | D:5      | Noticed an ice beast
  4082 | D:5      | Killed an ice beast
  4083 | D:5      | Reached XP level 7. HP: 40/40 MP: 7/7
  4096 | D:5      | Noticed Blork the orc
  4099 | D:5      | Killed Blork the orc
  4145 | D:5      | Reached skill level 8 in Stealth
  4186 | D:5      | Reached * piety under Wu Jian
  4244 | D:5      | Reached XP level 8. HP: 42/44 MP: 8/8
  4578 | D:5      | Reached skill level 9 in Stealth
  4613 | D:5      | Noticed Pikel
  4706 | D:5      | Killed Pikel
  4707 | D:5      | Reached skill level 10 in Short Blades
  4707 | D:5      | Reached skill level 10 in Stealth
  5025 | D:5      | Reached XP level 9. HP: 48/52 MP: 9/9
  5421 | D:6      | Reached skill level 5 in Fighting
  5444 | D:6      | Found a snail-covered altar of Cheibriados.
  6164 | D:6      | Reached skill level 5 in Dodging
  6219 | D:6      | Noticed Edmund
  6221 | D:6      | Killed Edmund
  6221 | D:6      | Reached ** piety under Wu Jian
  7136 | D:7      | Found a transporter.
  7137 | D:7      | Noticed an ogre mage
  7861 | D:7      | Reached XP level 10. HP: 64/65 MP: 10/10
  8144 | D:8      | Reached skill level 10 in Fighting
  8254 | D:8      | Noticed Maurice
  8257 | D:8      | Killed Maurice
  8562 | D:8      | Reached skill level 10 in Dodging
  8571 | D:8      | Reached XP level 11. HP: 72/72 MP: 11/11
  8761 | D:8      | Reached *** piety under Wu Jian
  9243 | D:9      | Found a staircase to the Lair.
  9402 | D:9      | Reached skill level 11 in Stealth
  9525 | D:9      | Found Ehyi's Specific Store.
  9526 | D:9      | Found Yracemox's General Store.
  9535 | D:9      | Bought a scroll of identify for 26 gold pieces
  9580 | D:9      | Found an opulent altar of Gozag.
  9692 | D:9      | Noticed a two-headed ogre
  9695 | D:9      | Killed a two-headed ogre
 10215 | D:10     | Entered Level 10 of the Dungeon
 10240 | D:10     | Reached **** piety under Wu Jian
 10241 | D:10     | Reached skill level 12 in Stealth
 10276 | D:10     | Noticed Josephine
 10728 | D:10     | Noticed a two-headed ogre
 10788 | D:10     | Killed a two-headed ogre
 10971 | D:10     | Noticed a two-headed ogre
 11014 | D:10     | Killed a two-headed ogre
 11015 | D:10     | Reached skill level 13 in Stealth
 11015 | D:10     | Reached XP level 12. HP: 80/80 MP: 12/12
 11364 | D:10     | Found a shadowy altar of Dithmenos.
 11866 | D:11     | Found a staircase to the Orcish Mines.
 12598 | Lair:1   | Entered Level 1 of the Lair of Beasts
 12628 | Lair:1   | Reached skill level 14 in Stealth
 13482 | Lair:1   | Reached skill level 15 in Stealth
 13652 | Lair:1   | Noticed a boulder beetle
 13655 | Lair:1   | Killed a boulder beetle
 13695 | Lair:1   | Reached ***** piety under Wu Jian
 14260 | Lair:2   | Found a frozen archway.
 14356 | IceCv    | Entered an ice cave
 15563 | IceCv    | Reached XP level 13. HP: 72/86 MP: 13/13
 15895 | IceCv    | Noticed a reaper
 15905 | IceCv    | Reached skill level 16 in Stealth
 15918 | IceCv    | Killed a reaper
 15947 | IceCv    | Slain by an entropy weaver simulacrum

Illustrated notes

Levels and vault maps discovered:
D:1:      ldierk_water_garden, layout_basic
D:2:      layout_basic, chequers_ecumenical_altar_island
D:3:      layout_basic, mainiacjoe_overflow_boulevard
D:4:      layout_cave_pools, minmay_temple_entry_grid
D:5:      layout_loops_ring, nrook_mini_vaults, bh_walls_and_bars,
          uniq_blork_the_orc, uniq_pikel
D:6:      layout_basic, cheibrodos_worm_habitat, minmay_splitting_lines,
          minmay_starry_boxes, uniq_edmund
D:7:      gammafunk_beogh_shrine, layout_loops_cross, minmay_gold_behind_fungi
D:8:      layout_cave_pools, kennysheep_decorative_pillar, minivault_10,
          grunt_ministairs_11, kennysheep_generic_room_2, uniq_maurice
D:9:      nicolae_cairo_tiling, layout_irregular_city,
          mainiacjoe_overflow_chevrons, nicolae_specific_store
D:10:     layout_small_grid, lemuel_crystal_altar, uniq_josephine
D:11:     layout_rooms, orc_0_dummy, minmay_misc_feat_roman, evilmike_butchery
D:12:     kennysheep_treasure_stockpile, layout_long_grid, hangedman_incinerator
Temple:   mainiacjoe_temple_coin_purse
Lair:1:   layout_small_grid, nzn_sisyphean_effort
Lair:2:   layout_chaotic_city, minmay_snake_entry_guardpost_medium,
          portal_ice_cave_entry_imps
IceCv:    ice_cave_caverns_02

Skill      XL: |  1  2  3  4  5  6  7  8  9 10 11 12 13 |
---------------+----------------------------------------+-----
Short Blades   | 3 4 5 6 7 9 10 | 10.0
Stealth        | 6 7 8 10 13 15 16 | 16.3
Fighting       | 4 8 10 11 12 | 12.3
Dodging        | 3 6 10 12 13 14 | 14.0
Throwing       | |  2.1

Action                   |  1- 3 |  4- 6 |  7- 9 | 10-12 | 13-15 || total
-------------------------+-------+-------+-------+-------+-------++-------
Melee: Dagger            |    40 |   108 |   247 |   880 |    58 ||  1333
       Punch             |       |     2 |     5 |    14 |       ||    21
Throw: Dart              |       |       |       |     6 |       ||     6
Invok: Lunge             |       |    12 |    33 |    91 |    15 ||   151
       Whirlwind         |       |       |    43 |   175 |    12 ||   230
       Serpent's Lash    |       |       |       |       |     1 ||     1
       Heavenly Storm    |       |       |       |       |     1 ||     1
Evoke: Wand              |       |       |       |     8 |       ||     8
  Use: Scroll            |       |       |    15 |     4 |       ||    19
 Stab: Sleeping          |    11 |    20 |    19 |    49 |       ||    99
       Distracted        |       |     3 |     5 |     9 |     3 ||    20
Armor: Robe              |     5 |    14 |    25 |    61 |     3 ||   108
Dodge: Dodged            |    13 |    39 |    78 |   400 |    33 ||   563
Block: Other             |       |       |     4 |    87 |     5 ||    96
       Reflection        |       |       |       |     2 |       ||     2

Table legend: (Time is in decaauts)
 A = Elapsed time spent in this place.
 B = Non-inter-level travel time spent in this place.
 C = Inter-level travel time spent in this place.
 D = Time resting spent in this place.
 E = Time spent auto-exploring this place.
 F = Levels seen in this place.
 G = Mean time per level.
                   A        B        C        D        E       F      G
               +--------+--------+--------+--------+--------+-----+--------+
         Total |  15661 |  14985 |    676 |   3093 |   9178 |  16 |  978.8 |
       Dungeon |  12353 |  11788 |    565 |   1810 |   7930 |  12 | 1029.4 |
        Temple |    125 |    114 |     11 |      0 |     90 |   1 |  125.0 |
          Lair |   1647 |   1547 |    100 |    522 |    811 |   2 |  823.5 |
      Ice Cave |   1535 |   1535 |      0 |    761 |    347 |   1 | 1535.0 |
               +--------+--------+--------+--------+--------+-----+--------+

Top non-repeatable levels by time:
    D:10: 1606 daAuts
   IceCv: 1535 daAuts
  Lair:1: 1532 daAuts
     D:6: 1466 daAuts
     D:5: 1463 daAuts
     D:8: 1148 daAuts
     D:7: 1143 daAuts
     D:3: 1129 daAuts
     D:2: 1028 daAuts
     D:9: 1010 daAuts
     D:1: 828 daAuts
     D:4: 787 daAuts
    D:11: 563 daAuts
    D:12: 177 daAuts
  Temple: 125 daAuts
